[Event "Early-Titled-Tuesday-Blitz-March-19-2024"]
[Site "Chess.com"]
[Date "2024.03.19"]
[Round "2"]
[White "kenta1234"]
[Black "Sharan_Rao"]
[Result "0-1"]
[WhiteElo "2811"]
[BlackElo "2596"]
[TimeControl "180+1"]
[EndTime "8:19:09 PDT"]
[Termination "Sharan_Rao won on time"]

1. d4 d5 2. Bg5 c6 3. c3 Qb6 4.
Qb3 h6 5. Bh4 Bf5 6. Nd2 Nd7 7.
Ngf3 e5 8. dxe5 Be7 9. Bg3 Nc5 10. Qxb6 axb6 11. Nd4 Bd7 12. f4 Na4 13. O-O-O b5 14. e4 b4 15. cxb4 Bxb4 16. exd5 cxd5 17. Bb5 Ne7 18. Bxd7+ Kxd7 19. Kb1 Rhc8 20. Nc2 Bc5 21. Nb3 Bb6 22. Bh4 Rc4 23. Rhf1 Rac8 24. Na3 Re4 25. Bxe7 Kxe7 26. Rxd5 g5 27. f5 Be3 28. Nb5 Bf4 29. Nd6 Rd8 30. Ra5 Rxe5 31. Nxb7 Rxa5 32. N7xa5 Rd5 33.
g3 Bc7 34. Nc4 h5 35. Nbd2 h4 36. gxh4 gxh4 37. h3 Nc5 38. Kc2 Nd3 39. a3 Bg3 40.
b4 Ne1+ 41. Kb2 Rd3 42. Ne4 Ng2 43. Kc2 Rd4 44. f6+ Ke6 45. Ned2 Kd5 46. Rf5+ Ke6 47.
Rf3 Ne1+ 48. Kc3 Nxf3 49. Nxf3 Rf4 50. Ncd2 Rxf6 51. b5 Be5+ 52. Kc4 Rf4+ 53. Kc5 Bd6+ 54. Kc6 Bxa3 55. b6 Bd6 56. Ng5+ Ke7 57. Nge4 Be5 58. b7 f5 59. Ng5 Rb4 60. Ngf3 Bf4 61. Nf1 Kf6 62. N1d2 Bxd2 63. Nxd2 f4 0-1

[Event "Early-Titled-Tuesday-Blitz-March-19-2024"]
[Site "Chess.com"]
[Date "2024.03.19"]
[Round "2"]
[White "tusplingher"]
[Black "Matibar"]
[Result "1/2-1/2"]
[WhiteElo "2466"]
[BlackElo "2781"]
[TimeControl "180+1"]
[EndTime "8:19:10 PDT"]
[Termination "Game drawn by stalemate"]

1. e4 c5 2. Nf3 a6 3. c3 e6 4. d4 d5 5. e5 Bd7 6. Bd3 Nc6 7.
O-O Qb6 8. dxc5 Bxc5 9. b4 Be7 10. a4 Qc7 11. Re1 h5 12. Bf4 Nh6 13. Nbd2 Qd8 14.
b5 Na5 15. c4 dxc4 16. Nxc4 Nxc4 17. Bxc4 Nf5 18. bxa6 bxa6 19. Nd4 Nxd4 20. Qxd4 O-O 21. Red1 Bc6 22. Qxd8 Rfxd8 23. Rxd8+ Bxd8 24. Be3 a5 25. Bb5 Bd5 26. Rc1 g5 27. Bc6 Rc8 28. Bxd5 Rxc1+ 29. Bxc1 exd5 30. Kf1 Kg7 31. f3 g4 32. Ke2 Kg6 33.
f4 Kf5 34. Kd3 h4 35. Be3 h3 36. g3 Ke6 37. Bc5 f6 38. exf6 Bxf6 39. Bb6 Be7 40.
Bxa5 Bc5 41. Be1 Kd6 42. Ke2 Ke6 43. a5 Kd6 44. Bf2 Bb4 45. a6 Kc6 46. a7 Kb7 47.
Kd3 Ba5 48. f5 Bd8 49. Kd4 Bb6+ 50. Kxd5 Bxf2 51. f6 Be1 52. f7 Bb4 53. Ke6 Kxa7 54. Kf5 Kb7 55. Kxg4 Kc7 56. Kxh3 Kd7 57. Kg4 Ke7 58.
Kf5 Kxf7 59. g4 Be1 60. g5 Bh4 61. Kg4 Bxg5 62. Kxg5 Kg7 63. h4 Kh7 64. h5 Kh8 65. h6 Kg8 66. Kh5 Kh8 67. Kg5 Kg8 68. Kf5 Kh8 69. Kf6 Kg8 70. Kg5 Kh8 71. Kg6 Kg8 72.
h7+ Kh8 73. Kh6 1/2-1/2

[Event "Early-Titled-Tuesday-Blitz-March-19-2024"]
[Site "Chess.com"]
[Date "2024.03.19"]
[Round "2"]
[White "Vladimir_Zakhartsov"]
[Black "vladoboch"]
[Result "0-1"]
[WhiteElo "3005"]
[BlackElo "2462"]
[TimeControl "180+1"]
[EndTime "8:19:11 PDT"]
[Termination "vladoboch won by resignation"]

1. e4 c5 2. Nf3 Nc6 3. d4 cxd4 4. Nxd4 e5 5. Nb5 d6 6. N1c3 a6 7. Na3 Be7 8. Nd5 Nf6 9. Be3 Nxd5 10. exd5 Nd4 11.
Bxd4 exd4 12. Qxd4 O-O 13. Be2 Bf6 14. Qd2 Bxb2 15. O-O Bxa3 16. Bd3 Bc5 17. Rae1 Bd7 18. Re4 Bf5 19. Rf4 Bxd3 20. Qxd3 Qg5 21. g3 Rae8 22.
a4 Re5 23. c4 a5 24. h4 Qg6 25. Qf3 b6 26. Rg4 Qf5 27. Rf4 Qh5 28. Qb3 g5 29.
hxg5 Rxg5 30. Kg2 Qg6 31. Qf3 Re8 32. Rh1 Ree5 33. Rf6 Qe4 34. Rxf7 Qxf3+ 35. Rxf3 Rgf5 36. Rxf5 Rxf5 37. f4 Rf7 38. Re1 Kf8 39. Re6 Re7 40. Kf3 Rc7 41. Rf6+ Kg7 42. Re6 Bb4 43. Re4 Kf7 44.
f5 Kf6 45. g4 Re7 46. Re6+ Rxe6 47. dxe6 Bc3 48. g5+ Ke7 49. Ke4 Bd2 50. g6 hxg6 51. fxg6 Kxe6 52. g7 Kf7 53. Kd5 Kxg7 54. Kxd6 Be3 55.
Kc6 Bc5 56. Kb5 Kf6 57. Ka6 Ke5 58. Kb5 Kd4 59. Ka6 Kxc4 60. Ka7 Kb4 61. Ka8 Kxa4 62.
Kb7 b5 63. Ka8 b4 64. Kb7 b3 65. Kb8 b2 66. Ka8 Bb6 67. Kb8 b1=Q 68. Ka8 Qe4+ 69. Kb8 Qe7 0-1

[Event "Early-Titled-Tuesday-Blitz-March-19-2024"]
[Site "Chess.com"]
[Date "2024.03.19"]
[Round "2"]
[White "GM_dmitrij"]
[Black "Aradhya2000"]
[Result "1-0"]
[WhiteElo "3075"]
[BlackElo "2704"]
[TimeControl "180+1"]
[EndTime "8:19:12 PDT"]
[Termination "GM_dmitrij won by resignation"]

1. c4 e5 2. g3 d5 3. cxd5 Qxd5 4. Nf3 Nc6 5. Nc3 Qd8 6. Bg2 Nf6 7. O-O h6 8. Rb1 Bd6 9. d3 O-O 10. Nd2 Be6 11.
Nc4 Rb8 12. b3 Qd7 13. Re1 Bh3 14. Bh1 Rfe8 15. Bb2 a6 16. a3 Bc5 17. b4 Ba7 18. e3 Rbd8 19. b5 axb5 20. Nxb5 Bc5 21. Rc1 b6 22. Qc2 Bf5 23. Qa4 Bxd3 24. Nxc7 Qxc7 25.
Qxc6 Qb8 26. Qb5 Re6 27. Qb3 e4 28. Bg2 Ng4 29. h3 Nf6 30. a4 Nd5 31. Red1 Nb4 32. Ba3 Na6 33. Bb2 Nb4 34. Qc3 Bf8 35. Qb3 Rc8 36.
Ba3 Nd5 37. Bxf8 Rxf8 38. Nb2 Nxe3 39. fxe3 Qxg3 40. Nxd3 Rg6 41. Ne1 Rf6 42. Rd2 h5 43. Re2 g5 44. Qc3 Rf5 45. Qc7 Qh4 46. Qd7 Rf6 47.
Rc8 Kg7 48. Rxf8 Kxf8 49. Qd4 Re6 50. Qb4+ Kg7 51. Nc2 g4 52. Nd4 Rf6 53. Qe1 Qg5 54. h4 Qe5 55. Rf2 Kh7 56. Rxf6 Qxf6 57. Qf2 1-0

[Event "Early-Titled-Tuesday-Blitz-March-19-2024"]
[Site "Chess.com"]
[Date "2024.03.19"]
[Round "2"]
[White "alexrustemov"]
[Black "only_strong_moves"]
[Result "1-0"]
[WhiteElo "2876"]
[BlackElo "2611"]
[TimeControl "180+1"]
[EndTime "8:19:19 PDT"]
[Termination "alexrustemov won by resignation"]

1. d4 Nf6 2. c4 e6 3. Nf3 d5 4. Nc3 c5 5. cxd5 cxd4 6. Qxd4 exd5 7. Bg5 Be7 8. e3 O-O 9. Be2 Nc6 10. Qd3 Nb4 11. Qd1 Ne4 12. Bxe7 Qxe7 13. O-O Rd8 14. Rc1 Bg4 15. a3 Nxc3 16. Rxc3 Nc6 17. Rd3 Qf6 18.
Nd4 Bxe2 19. Qxe2 Ne5 20. Rc3 Nc4 21. Rfc1 a6 22. a4 Re8 23. Qc2 h5 24. h3 g6 25.
b3 Nd6 26. Rc7 b5 27. a5 Ne4 28. Qe2 Re5 29. Qf3 Qxf3 30. Nxf3 Re6 31. Nd4 Rf6 32. f3 Nd6 33. R1c6 Kg7 34. Rd7 Ne8 35. Rxd5 Rxc6 36. Nxc6 Rc8 37. Nb4 Rc1+ 38. Kf2 Nc7 39. Rd7 Rc3 40.
Rd3 Rc1 41. e4 Kf6 42. Ke3 Ke6 43. f4 f6 44. g4 hxg4 45. hxg4 g5 46. f5+ Ke7 47.
Kd4 Kd6 48. Ke3+ Kc5 49. Nd5 Nxd5+ 50. Rxd5+ Kc6 51. Rd8 Rc3+ 52. Kd4 Rxb3 53. Rf8 Rg3 54. Rxf6+ Kb7 55. e5 Rxg4+ 56. Kd5 Rg1 57. Rf7+ Kc8 58. e6 Rd1+ 59. Ke5 g4 60. f6 g3 61. Rg7 Re1+ 62. Kd6 Rd1+ 63. Ke7 b4 64. f7 Rf1 65. f8=Q+ Rxf8 66. Kxf8 b3 67. Rxg3 b2 68. Rb3 b1=Q 69. Rxb1 Kc7 70.
e7 Kd6 71. e8=Q Kd5 72. Qa4 Kc5 73. Qb4+ Kd5 74. Qb6 Ke4 75. Qxa6 Ke3 76. Qc4 1-0

[Event "Early-Titled-Tuesday-Blitz-March-19-2024"]
[Site "Chess.com"]
[Date "2024.03.19"]
[Round "2"]
[White "Muracle"]
[Black "RianKapriaga"]
[Result "0-1"]
[WhiteElo "2545"]
[BlackElo "2352"]
[TimeControl "180+1"]
[EndTime "8:19:19 PDT"]
[Termination "RianKapriaga won by checkmate"]

1. Nf3 Nf6 2. b3 b6 3. Bb2 Bb7 4. g3 d5 5. Bg2 e6 6. O-O Nbd7 7. d3 Be7 8. Nbd2 O-O 9. c4 c5 10. Rc1 d4 11. b4 e5 12. Qa4 cxb4 13. a3 Nc5 14.
Qd1 bxa3 15. Bxa3 Bd6 16. Rb1 Nfd7 17. Nb3 Qc7 18. Nxc5 Bxc5 19. Qa4 Bc6 20. Qb3 Kh8 21.
Bxc5 Nxc5 22. Qa3 h6 23. Rfe1 Rad8 24. e3 dxe3 25. Rxe3 f6 26. Nh4 Bxg2 27. Ng6+ Kg8 28. Nxf8 Bh3 29. Ng6 Qb7 30. f3 Ne6 31. Qe7 Rd7 32.
Qe8+ Kh7 33. c5 Rd8 34. Nf8+ Kg8 35. Qh5 Rxf8 36. Qxh3 Nxc5 37. Qf5 Rd8 38. h4 Qd5 39. Rd1 Qd4 40. Kf2 a5 41. g4 a4 42. g5 Qxh4+ 43. Kg2 hxg5 44. Rh1 Qf4 45. Qh7+ Kf7 46. Rhe1 a3 47. Qh5+ Ke7 48. Qg6 Ne6 49. d4 Qxe3 50.
Rxe3 Nf4+ 51. Kg3 Nxg6 52. Rxa3 exd4 53. Ra7+ Rd7 54. Ra6 d3 55. Ra1 d2 56. Rd1 b5 57.
Kf2 b4 58. Ke2 b3 59. Ke3 b2 60. Ke4 b1=Q+ 61. Rxb1 d1=Q 62. Rxd1 Rxd1 63. Kf5 Rd5+ 64. Kxg6 Kf8 65. Kh7 Rd3 66. Kh8 Rxf3 67. Kh7 g4 68. Kg6 g3 69. Kh5 g2 70. Kg6 g1=Q+ 71. Kh7 Rh3# 0-1

[Event "Early-Titled-Tuesday-Blitz-March-19-2024"]
[Site "Chess.com"]
[Date "2024.03.19"]
[Round "2"]
[White "Herzog2012"]
[Black "KnightmareJoker"]
[Result "0-1"]
[WhiteElo "2518"]
[BlackElo "2299"]
[TimeControl "180+1"]
[EndTime "8:19:20 PDT"]
[Termination "KnightmareJoker won on time"]

1. e4 e5 2. Nc3 Nc6 3. g3 Bc5 4. Bg2 Nf6 5. Nge2 d6 6. O-O Bg4 7. h3 Be6 8. Na4 Qd7 9. Kh2 h5 10. d3 O-O-O 11. f4 Ng4+ 12. Kh1 Nf2+ 13. Rxf2 Bxf2 14.
f5 Bxf5 15. exf5 Qxf5 16. Qf1 g6 17. Be4 Qf6 18. Nac3 Ne7 19. Be3 d5 20. Bg2 d4 21.
Ne4 Qg7 22. Bxf2 f5 23. Nd2 f4 24. Ne4 Rdf8 25. Qg1 f3 26. Bxf3 Rxf3 27. Qg2 Rhf8 28. Rf1 Nc6 29. Kg1 Qd7 30. Ng5 R3f5 31. h4 Ne7 32. g4 hxg4 33. Ng3 Rf4 34. Be1 Rxf1+ 35.
Nxf1 Nd5 36. Bd2 Nf4 37. Bxf4 Rxf4 38. Ng3 Qc6 39. Qxc6 bxc6 40. Kg2 Kd7 41. N5e4 Ke6 42. Ne2 Rf8 43. c3 Kd5 44. c4+ Ke6 45. b3 a5 46.
N2g3 Ra8 47. Ng5+ Ke7 48. N3e4 a4 49. b4 Rb8 50. a3 Rh8 51. Kg3 Rf8 52. Kxg4 Rf1 53.
Nf3 Ra1 54. Nxe5 Rxa3 55. Nxc6+ Kd7 56. Nxd4 Kc8 0-1

[Event "Early-Titled-Tuesday-Blitz-March-19-2024"]
[Site "Chess.com"]
[Date "2024.03.19"]
[Round "2"]
[White "aistrel"]
[Black "leandrojimenez"]
[Result "1-0"]
[WhiteElo "2659"]
[BlackElo "2408"]
[TimeControl "180+1"]
[EndTime "8:19:21 PDT"]
[Termination "aistrel won by checkmate"]

1. d4 Nf6 2. Bf4 d5 3. e3 c5 4.
Nc3 a6 5. dxc5 e6 6. Na4 Bxc5 7. Nxc5 Qa5+ 8. c3 Qxc5 9. Nf3 Nc6 10. Bd3 O-O 11.
O-O Re8 12. Ne5 Ne4 13. Nxc6 Qxc6 14. Qh5 Nf6 15. Qe5 Nd7 16. Qh5 Nf6 17. Qh4 h6 18. Bxh6 gxh6 19. Qxf6 e5 20. Qh4 e4 21. Bc2 Bf5 22.
Rad1 Rad8 23. Rd4 Bh7 24. Ba4 b5 25. Bb3 Rd6 26. Rfd1 Red8 27. Qh5 f5 28. Qh4 a5 29.
Qg3+ Kf8 30. Qe5 Bg8 31. Qxf5+ Rf6 32. Qe5 Rfd6 33. a3 a4 34. Ba2 Re6 35. Bxd5 Rxe5 36.
Bxc6 Rc8 37. Bxe4 Bc4 38. g3 Be6 39. f4 Rec5 40. Kf2 Ke7 41. Bf3 R8c7 42. e4 Bb3 43. R1d2 Bc4 44. Bg4 h5 45. Rd7+ Ke8 46. Rxc7 Rxc7 47.
Bf5 Ke7 48. h3 Rc6 49. Ke3 Rf6 50. Rd7+ Ke8 51. Rd4 Ke7 52. Kf3 Bb3 53. g4 hxg4+ 54. hxg4 Rh6 55. Kg2 Bc4 56. Rd7+ Ke8 57. g5 Rh4 58. Kg3 Rh1 59. Rd2 Rg1+ 60. Rg2 Rf1 61. Rf2 Rg1+ 62. Rg2 Rf1 63. g6 Kf8 64. Bg4 Kg7 65. f5 Kf6 66. Bf3 Rh1 67. Kf4 Rh4+ 68. Rg4 Rh8 69. g7 Rg8 70. e5+ Kf7 71. f6 Be6 72.
Rg2 Ke8 73. Bh5+ Bf7 74. Bxf7+ Kxf7 75. Rh2 Rd8 76. Rh8 Rg8 77. Rxg8 Kxg8 78. Kf5 b4 79. Kg6 b3 80. f7# 1-0

[Event "Early-Titled-Tuesday-Blitz-March-19-2024"]
[Site "Chess.com"]
[Date "2024.03.19"]
[Round "2"]
[White "mitrabhaa"]
[Black "hitaman"]
[Result "1-0"]
[WhiteElo "3077"]
[BlackElo "2710"]
[TimeControl "180+1"]
[EndTime "8:19:23 PDT"]
[Termination "mitrabhaa won on time"]

1. Nf3 d5 2. d4 Nf6 3. Bf4 c5 4. e3 e6 5. Nbd2 Bd6 6. c3 Bxf4 7. exf4 O-O 8. dxc5 Qc7 9. g3 Qxc5 10. Bd3 b6 11. Qe2 a5 12. O-O Ba6 13. Bxa6 Nxa6 14. Rfe1 Nc7 15. Nd4 b5 16. f5 exf5 17. Nxf5 Rfe8 18.
Qd3 Ne6 19. Nb3 Qb6 20. Nbd4 b4 21. Qb5 Qxb5 22. Nxb5 bxc3 23. bxc3 Ne4 24. Rad1 g6 25. Ne3 Rab8 26. a4 N6c5 27. Nxd5 Kg7 28. Kg2 Nf6 29. Nxf6 Kxf6 30. Rd6+ Kg7 31. Rxe8 Rxe8 32.
Rd4 Re4 33. Rxe4 Nxe4 34. c4 Kf6 35. f3 Nc5 36. Kf2 Nxa4 37. Ke3 Ke5 38. f4+ Ke6 39.
Kd4 Nb6 40. c5 Nd5 41. c6 a4 42. Kc5 Ne7 43. Kb6 Kd5 44. c7 Kc4 45. Nd6+ Kd5 46. Nb5 Kc4 47. g4 h5 48. gxh5 gxh5 49. h4 f5 50.
Nd6+ Kb4 51. Nxf5 Nc8+ 52. Kb7 a3 53. Kxc8 a2 54. Ne3 Kc3 55. Kd7 a1=Q 56. c8=Q+ Kd3 57. Nd5 Qg7+ 58. Ne7 Qg4+ 59. Kd8 Qxh4 60. Qf5+ Ke3 61.
Qe5+ Kf3 62. f5 Qg5 63. Qe6 h4 64. f6 Qd2+ 65. Ke8 Kg3 66. f7 Qf4 67. Nf5+ 1-0

[Event "Early-Titled-Tuesday-Blitz-March-19-2024"]
[Site "Chess.com"]
[Date "2024.03.19"]
[Round "2"]
[White "Mikasinski"]
[Black "Chessmissile07"]
[Result "0-1"]
[WhiteElo "2652"]
[BlackElo "2954"]
[TimeControl "180+1"]
[EndTime "8:19:24 PDT"]
[Termination "Chessmissile07 won by resignation"]

1. d4 a6 2. e4 d5 3. exd5 Qxd5 4. Nc3 Qd6 5. Nf3 Nf6 6. h3 g6 7. Bc4 Bg7 8. O-O O-O 9. Re1 b5 10. Bb3 Bb7 11. Ne5 Nc6 12. Bf4 Qxd4 13. Nxf7 Rxf7 14. Bxf7+ Kxf7 15. Bxc7 Rc8 16. Bg3 Qxd1 17. Raxd1 Nb4 18. Re2 Nbd5 19. Nxd5 Bxd5 20. b3 e6 21. Be5 Ne4 22.
Bxg7 Kxg7 23. Ra1 Nc3 24. Rd2 Kf6 25. a3 Be4 26. f3 Bd5 27. Re1 g5 28. Kf2 h5 29. Re3 Nb1 30. Rde2 Nxa3 31. c4 bxc4 32.
bxc4 Nxc4 33. Rc3 Nd6 34. Ra3 Ra8 35. Ra1 a5 36. Re3 h4 37. Rea3 Nc4 38. Ra4 Ke5 39. Ke2 Kd4 40. Rd1+ Kc5 41. Rda1 Kb5 42. R4a2 a4 43.
Rb1+ Kc5 44. Rba1 a3 45. Rc1 Kd4 46. Rd1+ Kc3 47. Rd3+ Kb4 48. Ra1 Nb2 49. Re3 a2 50.
Kf2 Rc8 51. Re2 Kb3 52. Ke3 Rc2 53. Ree1 Nc4+ 54. Kd4 Rxg2 55. Red1 Rb2 56. Rd3+ Kb4 57. f4 gxf4 58. Rdd1 Rd2+ 59. Rxd2 Nxd2 60. Kd3 Nb3 61. Rxa2 Nc1+ 0-1

[Event "Early-Titled-Tuesday-Blitz-March-19-2024"]
[Site "Chess.com"]
[Date "2024.03.19"]
[Round "2"]
[White "Flawless_Fighter"]
[Black "FMVolodymyrSakun"]
[Result "0-1"]
[WhiteElo "2830"]
[BlackElo "2614"]
[TimeControl "180+1"]
[EndTime "8:19:28 PDT"]
[Termination "FMVolodymyrSakun won by resignation"]

1. e4 e5 2. Nf3 Nc6 3. Nc3 Nf6 4.
Bb5 Bc5 5. O-O O-O 6. Nxe5 Re8 7. Nxc6 dxc6 8. Bd3 Ng4 9. h3 Qh4 10. hxg4 Re6 11.
g5 Rg6 12. e5 Rxg5 13. Ne4 Rh5 14. Qxh5 Qxh5 15. Nxc5 b6 16. Ne4 Qxe5 17. Ng3 Bg4 18. a4 Rd8 19. Ra3 c5 20. a5 Be6 21. axb6 axb6 22. Be2 g6 23. d3 Qd4 24. Bf3 Bd5 25.
Bxd5 Qxd5 26. Be3 Qe5 27. b3 Qc3 28. Ra2 f6 29. Ne4 Qe5 30. Rfa1 g5 31. Ra8 Rxa8 32.
Rxa8+ Kf7 33. Rd8 Kg6 34. Rg8+ Kf7 35. Rd8 h6 36. Rh8 Kg7 37. Rc8 f5 38. Ng3 f4 39.
Nh5+ Kg6 40. Nxf4+ gxf4 41. Bd2 Qa1+ 42. Kh2 Qd1 43. Bxf4 Qxc2 44. Rxc7 Qxd3 45. Rc6+ Kf5 46. Bg3 Qxb3 47. Rxh6 c4 48. Rh5+ Kg6 49. Rh8 c3 50.
Rc8 b5 51. f4 b4 52. Rc6+ Kf5 53. Rc5+ Kf6 54. Bh4+ Kf7 55. f5 Qc2 56. Rc7+ Kg8 57. Rc8+ Kh7 58. Rc7+ Kh6 59. f6 Qf5 60. f7 c2 61.
Rc6+ Kg7 62. Rc7 b3 63. Bg3 Qxf7 64. Rxf7+ Kxf7 65. Be5 c1=Q 66. Bb2 Qc2 67. Bd4 b2 0-1

[Event "Early-Titled-Tuesday-Blitz-March-19-2024"]
[Site "Chess.com"]
[Date "2024.03.19"]
[Round "2"]
[White "Lion-Al-Messi"]
[Black "BlueWizzard"]
[Result "0-1"]
[WhiteElo "2620"]
[BlackElo "2909"]
[TimeControl "180+1"]
[EndTime "8:19:29 PDT"]
[Termination "BlueWizzard won by checkmate"]

1. e4 Nc6 2. Nf3 g6 3. d4 Bg7 4.
d5 Ne5 5. Nxe5 Bxe5 6. Nc3 c6 7. Be2 d6 8. O-O Nf6 9. Bh6 Rg8 10. Qd2 Qb6 11. Na4 Qd4 12. Qxd4 Bxd4 13. c3 Bb6 14. Nxb6 axb6 15. Be3 cxd5 16. exd5 Nxd5 17. Bd2 Bd7 18. c4 Nc7 19. a3 Bc6 20. Rfc1 Kd7 21. b4 b5 22. c5 Ne6 23. cxd6 exd6 24. Be3 Ke7 25. Rd1 Rgd8 26. h4 f5 27. h5 d5 28. Bb6 Rd7 29.
Bf3 Ra6 30. Bd4 Nxd4 31. Rxd4 Kf6 32. hxg6 hxg6 33. g3 g5 34. Rad1 Rxa3 35. Bxd5 Ra4 36. Bb3 Rxd4 37. Rxd4 Ra3 38. Bc2 Ra1+ 39. Rd1 Rxd1+ 40.
Bxd1 Ke5 41. Kf1 f4 42. gxf4+ gxf4 43. Ke2 Kd4 44. Kd2 Kc4 45. Kc2 Be4+ 46. Kb2 Kxb4 47. Be2 Bd5 48. Bd3 Bc6 49. Be2 Kc5 50. Bd3 Kd4 51. Bf1 Ke4 52. Be2 Kf5 53. Bd1 Kg5 54. Kc3 Kh4 55. Kd4 Kh3 56. Ke5 f3 57. Kf4 Kg2 58. Ke3 b4 59. Bb3 b6 60. Bc4 Kg1 61. Bb3 Kf1 62. Bc4+ Ke1 63. Bb3 b5 64. Bc2 Bd5 65.
Bd3 b3 66. Bxb5 Kd1 67. Bd3 Kc1 68. Kd4 Ba8 69. Ke3 b2 70. Bf5 Bb7 71. Kf4 b1=Q 72. Bxb1 Kxb1 73. Ke3 Kc2 74. Kf4 Kd2 75. Kg3 Ke2 76.
Kh2 Kxf2 77. Kh1 Kg3 78. Kg1 f2+ 79. Kf1 Ba6# 0-1

[Event "Early-Titled-Tuesday-Blitz-March-19-2024"]
[Site "Chess.com"]
[Date "2024.03.19"]
[Round "2"]
[White "Hongjin"]
[Black "FairChess_on_YouTube"]
[Result "0-1"]
[WhiteElo "2724"]
[BlackElo "3131"]
[TimeControl "180+1"]
[EndTime "8:19:31 PDT"]
[Termination "FairChess_on_YouTube won on time"]

1. c4 Nf6 2. Nf3 e6 3. e3 d5 4. Nc3 Be7 5. b3 O-O 6. Bb2 c5 7. cxd5 Nxd5 8. Be2 Nxc3 9. Bxc3 b6 10. O-O Bb7 11. d4 Nd7 12. Rc1 Rc8 13. Qd2 Nf6 14.
dxc5 Ne4 15. Qxd8 Rfxd8 16. Bb2 Rxc5 17. Rxc5 Nxc5 18. Nd4 e5 19. Nf5 Bf6 20. Rd1 Rxd1+ 21. Bxd1 Be4 22. Nd6 Bb1 23. a3 Nd3 24. Bc3 Be7 25.
Nc8 Bxa3 26. Nxa7 Bb4 27. Bxb4 Nxb4 28. Kf1 Bf5 29. Nb5 Kf8 30. Nd6 Be6 31. Ke2 Ke7 32.
Nb5 g5 33. Kd2 f5 34. g3 g4 35. Nc3 Kd6 36. f3 h5 37. fxg4 hxg4 38. Nb5+ Kc5 39. Nc3 Nc6 40. Na4+ Kb5 41. Kc3 Ne7 42. Be2+ Kc6 43. Bc4 Bd5 44. Nb2 b5 45. Bf1 Be4 46. Nd3 Nd5+ 47. Kd2 Bxd3 48. Bxd3 Ne7 49. Bf1 Kc5 50. h3 gxh3 51. Bxh3 Kb4 52. Kc2 Nd5 53. Kd3 Ne7 54. Kc2 e4 55. g4 fxg4 56. Bxg4 Nd5 57. Kd2 Kxb3 58. Be6 Kc4 59. Kc2 Kc5 60. Kd2 Nb6 61.
Bf5 Nc4+ 62. Kc3 Kd5 63. Bg6 Nxe3 64. Kb4 Nc2+ 65. Kxb5 e3 66. Bh5 Kd4 67. Ka4 Kc3 68. Kb5 Kd4 69. Ka4 Kc4 0-1

[Event "Early-Titled-Tuesday-Blitz-March-19-2024"]
[Site "Chess.com"]
[Date "2024.03.19"]
[Round "2"]
[White "angelgab3"]
[Black "Robert_Chessmood"]
[Result "1/2-1/2"]
[WhiteElo "2682"]
[BlackElo "2978"]
[TimeControl "180+1"]
[EndTime "8:19:32 PDT"]
[Termination "Game drawn - insufficient material"]

1. e4 c6 2. d3 d5 3. Nd2 e5 4. Ngf3 Bd6 5. d4 exd4 6. Bd3 dxe4 7. Nxe4 Nf6 8. Nxf6+ Qxf6 9. O-O Bg4 10. Re1+ Kf8 11. Be4 Na6 12. Qxd4 Qxd4 13. Nxd4 Re8 14. Bd2 Be5 15.
Nf3 Bf6 16. h3 Be6 17. a4 Nc5 18. Bb4 Be7 19. Ng5 Nxe4 20. Nxe6+ fxe6 21. Rxe4 Kf7 22. Rae1 Bxb4 23. Rxb4 Re7 24. Rd1 e5 25. Rd6 Rhe8 26.
Rb3 e4 27. Kf1 a5 28. Ke2 h6 29. Ke3 Kg8 30. Rc3 Re5 31. Rc4 R8e7 32. Rdd4 b5 33.
axb5 Rxb5 34. b3 Kh7 35. Rxe4 Rc7 36. Re6 c5 37. Re5 Kg6 38. Kd3 Kh7 39. Kc3 Kg6 40.
Kb2 Kh7 41. Ka3 Kg6 42. Ka4 Rb4+ 43. Rxb4 cxb4 44. Kxa5 Rxc2 45. Re3 Rxf2 46. Rg3+ Kh7 47. Kxb4 g5 48. Kb5 Kg6 49. h4 Kh5 50. hxg5 hxg5 51. Kb6 g4 52. b4 Kh4 53. Rd3 Rxg2 54. b5 g3 55. Kb7 Rb2 56. b6 g2 57. Rd1 Rf2 58.
Rg1 Kh3 59. Kc7 Rc2+ 60. Kb8 Kh2 61. Rxg2+ Kxg2 62. b7 Kf3 63. Ka8 Ra2+ 64. Kb8 Ke4 65. Kc7 Rc2+ 66. Kd8 Rb2 67. Kc8 Rc2+ 68. Kd8 Rh2 69.
b8=Q Rh8+ 70. Kc7 Rxb8 71. Kxb8 1/2-1/2

[Event "Early-Titled-Tuesday-Blitz-March-19-2024"]
[Site "Chess.com"]
[Date "2024.03.19"]
[Round "2"]
[White "Anton_Demchenko"]
[Black "yaguigor"]
[Result "1-0"]
[WhiteElo "3013"]
[BlackElo "2570"]
[TimeControl "180+1"]
[EndTime "8:19:32 PDT"]
[Termination "Anton_Demchenko won on time"]

1. e4 c5 2. Nc3 Nc6 3. Bb5 Nd4 4.
a4 e6 5. Nf3 a6 6. Bc4 Nc6 7. d4 cxd4 8. Nxd4 Qc7 9. Nxc6 bxc6 10. O-O d5 11. Bd3 Nf6 12. Bg5 Be7 13. Qe2 h6 14. Bh4 d4 15. Nb1 e5 16. Nd2 Bg4 17.
f3 Be6 18. Nc4 O-O 19. Bg3 Nd7 20. f4 f6 21. b3 exf4 22. Bxf4 Ne5 23. Bxe5 fxe5 24.
Qh5 Bg5 25. g3 Rxf1+ 26. Rxf1 Rf8 27. Rxf8+ Kxf8 28. h4 Bf6 29. a5 c5 30. Kg2 Ke7 31.
Nb6 Qb7 32. Qe2 Bc8 33. Bc4 Be6 34. Bxe6 Kxe6 35. Qc4+ Ke7 36. Qxc5+ Ke8 37. Kf3 h5 38. Nd5 Qd7 39. Ke2 Qg4+ 40. Kd2 Qxg3 41. Qc6+ Kf7 42. Qxa6 Qxh4 43. Kc1 Qe1+ 44. Kb2 h4 45. Qb7+ Kg6 46. Qd7 Qe2 47. a6 Qxa6 48. Qe8+ Kh6 49. Qh8+ Kg5 50. Qb8 Kg4 51. Qh8 Kg3 52. Qh7 h3 53. Qg6+ Kh2 54.
Qf5 Qe2 55. b4 Qg2 56. b5 Kg1 57. b6 h2 58. b7 h1=Q 59. b8=Q Qf2 60. Qg4+ Qhg2 61.
Qbc8 Qd2 62. Qxg2+ Qxg2 63. Qf5 d3 64. Ne3 Qe2 65.
Kc3 Qxe3 66. Qg4+ 1-0

[Event "Early-Titled-Tuesday-Blitz-March-19-2024"]
[Site "Chess.com"]
[Date "2024.03.19"]
[Round "2"]
[White "LLariMarc"]
[Black "bazar-wokzal"]
[Result "1-0"]
[WhiteElo "2396"]
[BlackElo "2570"]
[TimeControl "180+1"]
[EndTime "8:19:44 PDT"]
[Termination "LLariMarc won by checkmate"]

1. d4 Nf6 2. Nf3 e6 3. Bg5 h6 4.
Bxf6 Qxf6 5. e4 g5 6. e5 Qg7 7.
Bd3 g4 8. Nfd2 d5 9. c3 c5 10. Na3 Nc6 11. Nb5 Kd8 12. O-O a6 13. Qa4 Rb8 14.
Na3 b5 15. Qd1 cxd4 16. cxd4 Nxd4 17. Re1 Nc6 18. Qe2 Bb4 19. Rac1 Bd7 20. Nc2 Ba5 21.
Nb3 Bc7 22. Nc5 Bc8 23. g3 Nxe5 24. Nd4 h5 25. Rc2 h4 26. Rec1 Bb6 27. Qxe5 Qxe5 28.
Nc6+ Ke8 29. Nxe5 hxg3 30. hxg3 Ra8 31. Nxg4 Ke7 32. Ne5 Ke8 33. b4 Ra7 34. Nc6 Rc7 35. Nd4 Rh5 36. Ndb3 e5 37. Nxa6 Rxc2 38. Rxc2 Bxa6 39. Rc6 Bxf2+ 40. Kxf2 Bb7 41. Rb6 Bc8 42. Bxb5+ Ke7 43. a4 d4 44. Nc5 Bg4 45. a5 Rh2+ 46.
Kg1 Rb2 47. a6 Rxb4 48. a7 Bf3 49. Bc6 Rxb6 50. Bxf3 Rb1+ 51. Kf2 Ra1 52. a8=Q Rxa8 53. Bxa8 f5 54. Kf3 Kd6 55. Nd3 Ke6 56. g4 fxg4+ 57. Kxg4 Kf6 58. Be4 Ke6 59. Kg5 Kd6 60. Kf5 Ke7 61.
Kxe5 Kf7 62. Kxd4 Kf6 63. Kd5 Kf7 64. Ke5 Ke7 65. Nc5 Kf7 66. Ne6 Ke7 67. Nc7 Kf7 68. Nd5 Kg7 69. Kf5 Kf7 70. Bd3 Kg7 71. Nf6 Kf7 72. Bc4+ Kg7 73. Be6 Kh8 74. Ng4 Kg7 75. Kg5 Kh8 76. Kf6 Kh7 77. Bf7 Kh8 78. Ne5 Kh7 79. Ng6 Kh6 80. Bg8 Kh5 81. Ne5 Kh4 82. Kf5 Kg3 83. Ng4 Kf3 84. Bc4 Kg3 85. Be2 Kh4 86. Kf4 Kh5 87. Bd3 Kh4 88. Bg6 Kh3 89. Ne3 Kh4 90. Ng2+ Kh3 91. Kf3 Kh2 92. Kf2 Kh3 93. Bf5+ Kh2 94. Bc8 Kh1 95. Ne3 Kh2 96. Nf1+ Kh1 97. Bb7# 1-0

[Event "Early-Titled-Tuesday-Blitz-March-19-2024"]
[Site "Chess.com"]
[Date "2024.03.19"]
[Round "2"]
[White "AsselLesbekova"]
[Black "Golubovsky"]
[Result "0-1"]
[WhiteElo "2292"]
[BlackElo "2534"]
[TimeControl "180+1"]
[EndTime "8:19:44 PDT"]
[Termination "Golubovsky won by resignation"]

1. e4 c5 2. Nf3 d6 3. Bb5+ Nd7 4. O-O Nf6 5. Qe2 a6 6. Bxd7+ Bxd7 7. c3 Bc6 8. d3 g6 9. Rd1 Bg7 10. Nbd2 O-O 11.
d4 cxd4 12. cxd4 d5 13. e5 Ne4 14. Nxe4 dxe4 15. Ng5 Qd5 16. Be3 f6 17. exf6 exf6 18. Nh3 g5 19. Rac1 b6 20. Qc4 Rfc8 21. b3 h6 22. g4 Kh7 23. Qxd5 Bxd5 24. Kg2 Be6 25.
Kg3 Bf8 26. Ng1 Bd6+ 27. f4 exf3+ 28. Kxf3 Bd5+ 29. Kf2 Re8 30. h3 Ra7 31. Re1 Re4 32. Nf3 Rae7 33. Bd2 Kg6 34. Rxe4 Bxe4 35. Re1 h5 36. Bc3 hxg4 37. hxg4 f5 38. gxf5+ Kxf5 39. Nd2 g4 40. Nc4 g3+ 41. Kg1 Bf4 42. Ne3+ Bxe3+ 43. Rxe3 Kf4 44. Bd2 Kg4 45. Re1 Kf5 46. Re3 Rh7 47. Rxg3 Rh1+ 48. Kf2 Ra1 49. Rg5+ Kf6 50. Re5 Bf5 51.
Ke3 Rxa2 52. Bc3 Ra3 53. b4 Rxc3+ 54. Kf4 Rc4 55. Rxf5+ Ke6 56. Re5+ Kd6 57. Ke4 Rxb4 58. Rd5+ Kc6 59. Rh5 a5 60. Rh6+ Kb7 61. Rh7+ Kc6 62. Rh6+ Kb5 63. Ke5 Rb1 64. Rh4 a4 65. d5 a3 66. Rh2 Rb2 67. d6 Rxh2 68. d7 Rd2 69. d8=Q Rxd8 70. Ke6 Rc8 71. Ke7 Rc5 72. Kd7 a2 73. Kd6 a1=Q 74. Ke6 Qd4 0-1